[Event "Titled Tuesday Blitz January 17 Late 2023"]
[White "Yurovskykh, Oleksandr"]
[Black "Garcia Almaguer, Juan Manuel"]
[WhiteFideId "14134020"]
[BlackFideId "5110491"]
[WhiteElo "2328"]
[BlackElo "2090"]
[Result "1-0"]
[Round "05"]
[TimeControl "180+2"]
[Date "2023.01.17"]
[WhiteClock "0:00:38"]
[BlackClock "0:00:20"]

1. g3 Nf6 2. Bg2 d5 3. d3 c5 4. Nd2 Nc6 5. e4 Bg4 6. f3 Bh5 7. Ne2 e5 8. O-O dxe4 9. dxe4 Qc7 10. c3 Be7 11. Qc2 O-O-O 12. Nc4 h6 13. a4 g5 14. Be3 b6 15. g4 Bg6 16. Qb3 h5 17. h3 hxg4 18. hxg4 Qd7 19. Qb5 Kc7 20. a5 Nxa5 21. Qxd7+ Nxd7 22. Nxa5 bxa5 23. Rxa5 Ra8 24. Rfa1 Kb7 25. Ng3 f6 26. Bf1 Rhb8 27. Bc4 Nb6 28. Be6 c4 29. Bxb6 axb6 30. Bd5+ Kc7 31. Rxa8 Bc5+ 32. Kg2 Rxa8 33. Rxa8 b5 34. Rg8 1-0


[Site "https://www.chess.com"]

[Event "Titled Tuesday Blitz January 17 Late 2023"]
[White "Sanchez, Robert"]
[Black "Karttunen, Mika"]
[WhiteFideId "2034360"]
[BlackFideId "502081"]
[WhiteElo "1966"]
[BlackElo "2490"]
[Result "1-0"]
[Round "05"]
[TimeControl "180+2"]
[Date "2023.01.17"]
[WhiteClock "0:00:03"]
[BlackClock "0:00:03"]

1. e4 e5 2. Nf3 Nc6 3. Bb5 Nf6 4. d3 d6 5. c3 Be7 6. O-O O-O 7. h3 a6 8. Ba4 b5 9. Bc2 Bb7 10. Re1 h6 11. Nbd2 Re8 12. Nf1 Bf8 13. Ng3 g6 14. Be3 d5 15. Qd2 Kh7 16. Rad1 d4 17. cxd4 exd4 18. Bf4 Bb4 19. Qc1 Bxe1 20. Bxh6 Bb4 21. Bb3 Ng8 22. Ng5+ Kxh6 23. Nxf7+ Kg7 24. Nxd8 Raxd8 25. Qg5 Be7 26. Nf5+ Kh7 27. Nxe7 Ngxe7 28. f4 Kg7 29. Rc1 Rd6 30. e5 Rdd8 31. Qf6+ Kh6 32. Bf7 Rf8 33. f5 Rxf7 34. Qxf7 Nxf5 35. Qxc7 Rb8 36. Rxc6 Bxc6 37. Qxc6 Rd8 38. Qxa6 Re8 39. Qf6 Re7 40. g4 Rc7 41. gxf5 Rg7 42. h4 Kh5 43. Qg5# 1-0


[Site "https://www.chess.com"]

[Event "Titled Tuesday Blitz January 17 Late 2023"]
[White "Rangel, Daniel"]
[Black "Vega Gutierrez, Sabrina"]
[WhiteFideId "2124475"]
[BlackFideId "2219026"]
[WhiteElo "2207"]
[BlackElo "2377"]
[Result "0-1"]
[Round "05"]
[TimeControl "180+2"]
[Date "2023.01.17"]
[WhiteClock "0:00:09"]
[BlackClock "0:00:05"]

1. c4 e5 2. g3 d6 3. Bg2 f5 4. Nc3 Nf6 5. e3 g6 6. Nge2 Bg7 7. O-O O-O 8. b4 a5 9. b5 Nbd7 10. d3 h6 11. Rb1 Rb8 12. Nd5 Kh8 13. Ba3 Rf7 14. Nec3 b6 15. Bb2 Bb7 16. Qd2 Nc5 17. f4 e4 18. Nxf6 Bxf6 19. dxe4 fxe4 20. g4 Kh7 21. g5 Bg7 22. h4 Qe7 23. Ba1 hxg5 24. hxg5 Rh8 25. Ne2 Bxa1 26. Rxa1 Kg8 27. Ng3 Bc8 28. Qd5 Bb7 29. Qd4 Ne6 30. Qd2 Nc5 31. Qc3 Qe6 32. Ne2 Qg4 33. Nd4 Qg3 34. Qe1 Qg4 35. Qe2 Qg3 36. Qf2 Qh2# 0-1


[Site "https://www.chess.com"]

[Event "Titled Tuesday Blitz January 17 Late 2023"]
[White "Cori T., Deysi"]
[Black "Chernomordik, Pavel"]
[WhiteFideId "3801934"]
[BlackFideId "2804530"]
[WhiteElo "2362"]
[BlackElo "2150"]
[Result "1/2-1/2"]
[Round "05"]
[TimeControl "180+2"]
[Date "2023.01.17"]
[WhiteClock "0:00:16"]
[BlackClock "0:00:32"]

1. Nf3 g6 2. d4 Bg7 3. g3 Nf6 4. Bg2 d6 5. O-O O-O 6. b3 a5 7. Bb2 Na6 8. Nbd2 c6 9. e4 Nc7 10. Re1 Nd7 11. e5 dxe5 12. dxe5 Ne6 13. Qe2 Qc7 14. Rad1 b6 15. h4 Ba6 16. c4 a4 17. h5 axb3 18. axb3 Ndc5 19. Nd4 Nxd4 20. Bxd4 Ne6 21. Bc3 Rfd8 22. Nf3 c5 23. hxg6 hxg6 24. Nh4 Bb7 25. Qg4 Bxg2 26. Kxg2 Rxd1 27. Rxd1 Qc6+ 28. Kg1 Rd8 29. Rxd8+ Nxd8 30. Qg5 Qe6 31. Ng2 Nc6 32. Nf4 Qf5 33. Qxf5 gxf5 34. Nd5 Bxe5 35. Bxe5 Nxe5 36. Nxe7+ Kf8 37. Nxf5 Nf3+ 38. Kg2 Nd2 39. Ne3 Nxb3 40. Nd5 Nd2 41. Nxb6 Ke7 42. g4 Kd6 43. f4 Kc6 44. Nd5 Nxc4 45. Nc3 Nb6 46. Kf3 Nd5 47. Nxd5 Kxd5 48. Ke3 c4 49. g5 c3 50. f5 Ke5 51. g6 fxg6 52. fxg6 Kf6 53. Kd3 Kxg6 54. Kxc3 1/2-1/2


[Site "https://www.chess.com"]

[Event "Titled Tuesday Blitz January 17 Late 2023"]
[White "Berezin, Viktor"]
[Black "Dahl, Trygve"]
[WhiteFideId "14107872"]
[BlackFideId "1513427"]
[WhiteElo "2307"]
[BlackElo "2206"]
[Result "1/2-1/2"]
[Round "05"]
[TimeControl "180+2"]
[Date "2023.01.17"]
[WhiteClock "0:00:05"]
[BlackClock "0:00:50"]

1. d4 d5 2. c4 c6 3. Nf3 Nf6 4. g3 dxc4 5. Bg2 e6 6. O-O Be7 7. a4 O-O 8. Qc2 b5 9. Rd1 Bb7 10. b3 cxb3 11. Qxb3 a6 12. Nc3 Nbd7 13. Ba3 Nb6 14. Bxe7 Qxe7 15. Ne5 Rfc8 16. Rac1 Nfd7 17. Nxd7 Qxd7 18. a5 Nc4 19. Ne4 Nxa5 20. Qb4 Nc4 21. Nc5 Qe7 22. Rxc4 a5 23. Qb2 bxc4 24. Qxb7 Qxb7 25. Nxb7 a4 26. Nd6 Rcb8 27. Nxc4 a3 28. Nxa3 Rxa3 29. Bxc6 Ra2 30. Bf3 Rd8 31. Kg2 g6 32. e3 Rb8 33. Rf1 Rd2 34. g4 Rbb2 35. Kg3 h6 36. h4 Rb5 37. h5 gxh5 38. gxh5 Rg5+ 39. Kf4 Kg7 40. Bg4 Ra2 41. Bf3 Raa5 42. e4 Ra3 43. Rd1 Kf6 44. Rb1 e5+ 45. dxe5+ Rxe5 46. Rb6+ Re6 47. Rb5 Kg7 48. Bg4 Rf6+ 49. Bf5 Rh3 50. e5 Rf3+ 51. Kxf3 Rxf5+ 52. Kg3 Rxh5 53. f4 Rh1 54. Kg4 Re1 55. Kf5 Re2 56. Rb3 Rg2 57. Rb7 Re2 58. Rb3 Rg2 59. Rb7 Re2 60. Rb3 1/2-1/2


[Site "https://www.chess.com"]

[Event "Titled Tuesday Blitz January 17 Late 2023"]
[White "Defend, Balint"]
[Black "Belenkaya, Dina"]
[WhiteFideId "17004853"]
[BlackFideId "24142654"]
[WhiteElo "1673"]
[BlackElo "2267"]
[Result "1-0"]
[Round "05"]
[TimeControl "180+2"]
[Date "2023.01.17"]
[WhiteClock "0:00:09"]
[BlackClock "0:00:02"]

1. e4 d5 2. exd5 Qxd5 3. Nc3 Qe5+ 4. Be2 c6 5. d4 Qc7 6. Nf3 Nf6 7. h3 Bf5 8. Ne5 Nbd7 9. f4 h5 10. Bc4 e6 11. Be3 h4 12. O-O Nh5 13. Qf3 Ng3 14. Rfe1 Nf6 15. Bf2 O-O-O 16. Ne2 Nxe2+ 17. Rxe2 Kb8 18. c3 c5 19. dxc5 Bxc5 20. Bxc5 Qxc5+ 21. Qf2 Qxf2+ 22. Kxf2 Ne4+ 23. Ke3 Rc8 24. Bd3 Nd6 25. Rd1 f6 26. Nf3 Bxd3 27. Rxd3 Nf5+ 28. Kf2 Rc6 29. Nd4 Nxd4 30. Rxd4 Kc7 31. Red2 Kc8 32. Kf3 Re8 33. Rd7 e5 34. Rxg7 e4+ 35. Ke3 Rc7 36. Rg4 f5 37. Rxh4 Rg7 38. Re2 Rg3+ 39. Kf2 Rd3 40. Rh5 Rf8 41. Rg5 Kd7 42. h4 Ke6 43. Re3 Rd2+ 44. Re2 Rfd8 45. Rg6+ Kf7 46. Rg5 Kf6 47. h5 Rd1 48. g4 fxg4 49. Rxe4 R8d2+ 50. Re2 Rd3 51. Rxg4 Kf5 52. Rg3 Rxg3 53. Kxg3 Rg1+ 54. Rg2 Rh1 55. Rh2 Rg1+ 56. Kf2 Rg7 57. h6 Rh7 58. Kf3 Kf6 59. Ke4 Re7+ 60. Kf3 Rh7 61. Rh3 Kg6 62. Kg4 Kf6 63. f5 Kf7 64. Kg5 Kf8 65. Kg6 Kg8 66. f6 Rd7 67. h7+ Kh8 68. Re3 Rd8 69. Re7 Rc8 70. Rxb7 1-0


[Site "https://www.chess.com"]

[Event "Titled Tuesday Blitz January 17 Late 2023"]
[White "Pesotskiy, Mikhail"]
[Black "Bilan, Danila"]
[WhiteFideId "34164453"]
[BlackFideId "24161918"]
[WhiteElo "2153"]
[BlackElo "2303"]
[Result "0-1"]
[Round "05"]
[TimeControl "180+2"]
[Date "2023.01.17"]
[WhiteClock "0:00:05"]
[BlackClock "0:00:04"]

1. d4 d5 2. c4 c6 3. Nf3 Nf6 4. Nbd2 e6 5. e3 Nbd7 6. b3 Bd6 7. Bb2 Qe7 8. Ne5 Ba3 9. Bxa3 Qxa3 10. Qc2 a5 11. Bd3 a4 12. O-O axb3 13. Nxb3 Nxe5 14. dxe5 Nd7 15. f4 Nc5 16. e4 Nxb3 17. axb3 Qxa1 18. Rxa1 Rxa1+ 19. Kf2 dxe4 20. Bxe4 g6 21. h4 O-O 22. h5 Kg7 23. Qb2 Rh1 24. g4 Rd1 25. g5 Rfd8 26. h6+ Kf8 27. Ke2 R1d2+ 28. Qxd2 Rxd2+ 29. Kxd2 c5 30. Kc3 b6 31. b4 Bd7 32. bxc5 bxc5 33. Kb3 Ke7 34. Ka3 Kd8 35. Bc2 Bc6 36. Ba4 Kc7 37. Bc2 Kb6 38. Kb3 Ka5 39. Kc3 Ba4 40. Be4 Bd7 41. Bc2 Bc6 42. Bd1 Be4 43. Bb3 Bf3 44. Bc2 Bc6 45. Bb3 Be4 46. Bd1 Bc6 47. Bh5 gxh5 48. f5 Be4 49. g6 fxg6 50. f6 h4 51. f7 h3 52. f8=Q h2 0-1


[Site "https://www.chess.com"]

[Event "Titled Tuesday Blitz January 17 Late 2023"]
[White "Sivakumar, Shaaketh"]
[Black "Przybylski, Wojciech"]
[WhiteFideId "30940176"]
[BlackFideId "1117599"]
[WhiteElo "2337"]
[BlackElo "2321"]
[Result "1-0"]
[Round "05"]
[TimeControl "180+2"]
[Date "2023.01.17"]
[WhiteClock "0:01:09"]
[BlackClock "0:00:02"]

1. e4 c5 2. Nf3 e6 3. g3 Nf6 4. Qe2 Nc6 5. Bg2 Be7 6. c3 O-O 7. O-O e5 8. Rd1 Qc7 9. d4 cxd4 10. cxd4 d6 11. h3 a6 12. Nc3 Re8 13. d5 Nb8 14. Be3 Nbd7 15. Rac1 Qa5 16. Nd2 b5 17. a4 bxa4 18. Nc4 Qb4 19. Na2 Qb5 20. Qc2 Nc5 21. Bf1 Qb3 22. Bxc5 dxc5 23. Nc3 Rb8 24. Nxe5 Bd6 25. Nc6 Rb6 26. Nxa4 Qxc2 27. Rxc2 Rb3 28. e5 Bxe5 29. Nxc5 Rb6 30. Nxe5 Rxe5 31. d6 1-0


[Site "https://www.chess.com"]

[Event "Titled Tuesday Blitz January 17 Late 2023"]
[White "TheKnightOfBosnia"]
[Black "Rego, Pedro Filipe"]
[BlackFideId "1904310"]
[WhiteElo "2530"]
[BlackElo "2312"]
[Result "0-1"]
[Round "05"]
[TimeControl "180+2"]
[Date "2023.01.17"]
[WhiteClock "0:00:08"]
[BlackClock "0:00:15"]

1. e4 c5 2. Nf3 Nc6 3. d4 cxd4 4. Nxd4 g6 5. c4 Nf6 6. Nc3 d6 7. f3 Nxd4 8. Qxd4 Bg7 9. Be3 O-O 10. Qd2 Be6 11. Bd3 Rc8 12. b3 d5 13. exd5 Nxd5 14. Rc1 Nxc3 15. Rxc3 Bxc3 16. Qxc3 b5 17. c5 b4 18. Qd2 Qd5 19. Be4 Qxd2+ 20. Kxd2 f5 21. Bd3 f4 22. Bf2 Rfd8 23. Ke2 Rd5 24. Rc1 Rcd8 25. Rd1 Kf8 26. c6 Bf5 27. Bxf5 Rxd1 28. Bd7 R1xd7 29. cxd7 Rxd7 30. Bc5 a5 31. Bb6 Rd5 32. Bc7 g5 33. g3 e5 34. gxf4 exf4 35. h3 Kf7 36. Bb6 Ke6 37. Bc7 Rc5 38. Bb6 Rc2+ 39. Kd3 Rxa2 40. Ke4 a4 41. bxa4 b3 42. Bd4 Rxa4 43. Kd3 Rxd4+ 44. Kxd4 b2 45. Kc3 b1=Q 46. h4 Qd1 47. hxg5 Kd5 48. g6 hxg6 49. Kb2 Kc4 50. Ka3 Qa1# 0-1


[Site "https://www.chess.com"]

[Event "Titled Tuesday Blitz January 17 Late 2023"]
[White "Zeman, Matyas"]
[Black "Tomb, Maroun"]
[WhiteFideId "364398"]
[BlackFideId "5300398"]
[WhiteElo "2296"]
[BlackElo "2090"]
[Result "0-1"]
[Round "05"]
[TimeControl "180+2"]
[Date "2023.01.17"]
[WhiteClock "0:00:08"]
[BlackClock "0:00:24"]

1. d4 Nf6 2. Nc3 d6 3. e4 e5 4. dxe5 dxe5 5. Qxd8+ Kxd8 6. Bc4 Ke8 7. f3 c6 8. Nge2 a5 9. a4 Bc5 10. Nd1 Ke7 11. Be3 Nbd7 12. c3 g6 13. Kf2 h5 14. h4 Rd8 15. Nc1 Ne8 16. Nb3 Bxe3+ 17. Nxe3 Nd6 18. Rhd1 b6 19. Bf1 f6 20. Rd2 Nb7 21. Rad1 Rf8 22. Nc4 Rb8 23. g3 Nbc5 24. Nxc5 Nxc5 25. Rd6 Nxa4 26. Rxc6 Rb7 27. Ra1 Bd7 28. Rd6 b5 29. Nxa5 Kxd6 30. Nxb7+ Kc7 31. Na5 Nxb2 32. Rb1 Ra8 33. Rxb2 Rxa5 34. Ke3 Kd6 35. Rd2+ Kc6 36. Be2 Ra3 37. Rc2 Be6 38. Kd2 Bb3 39. Rb2 Ba4 40. Bd3 Kc5 41. f4 Ra1 42. Bb1 Kc4 43. Bd3+ Kc5 44. Bb1 Ra3 45. Ba2 Kd6 46. Bf7 Ra1 47. Bxg6 Rg1 48. Bxh5 Rxg3 49. f5 Rh3 50. Be2 Rxh4 51. Ke3 Rh3+ 52. Bf3 Bd1 53. Rf2 Kc5 54. Rf1 Rxf3+ 55. Rxf3 Bxf3 56. Kxf3 Kc4 57. Kg4 Kxc3 58. Kh5 b4 59. Kg6 b3 60. Kxf6 b2 61. Kg7 b1=Q 62. f6 Qxe4 63. f7 Qf4 0-1


[Site "https://www.chess.com"]

[Event "Titled Tuesday Blitz January 17 Late 2023"]
[White "Golubev, Mikhail"]
[Black "Figorito, Nick"]
[WhiteFideId "14100983"]
[BlackFideId "30923689"]
[WhiteElo "2461"]
[BlackElo "2036"]
[Result "1-0"]
[Round "05"]
[TimeControl "180+2"]
[Date "2023.01.17"]
[WhiteClock "0:01:32"]
[BlackClock "0:01:29"]

1. e4 e6 2. Nc3 d5 3. d4 Bb4 4. e5 c5 5. a3 Bxc3+ 6. bxc3 Ne7 7. a4 Qa5 8. Bd2 Nbc6 9. Nf3 O-O 10. Bd3 c4 11. Bxh7+ Kxh7 12. Ng5+ Kg6 13. h4 Bd7 14. Qg4 f5 15. h5+ Kh6 16. Nxe6+ 1-0


[Site "https://www.chess.com"]

[Event "Titled Tuesday Blitz January 17 Late 2023"]
[White "Souleidis, Georgios"]
[Black "Stachanczyk, Jacek"]
[WhiteFideId "4206827"]
[BlackFideId "1116657"]
[WhiteElo "2419"]
[BlackElo "2147"]
[Result "1-0"]
[Round "05"]
[TimeControl "180+2"]
[Date "2023.01.17"]
[WhiteClock "0:00:14"]
[BlackClock "0:00:32"]

1. e4 c5 2. Nf3 d6 3. Bc4 Nf6 4. d3 g6 5. O-O Bg7 6. c3 Nc6 7. Re1 O-O 8. h3 a6 9. Bb3 b5 10. d4 e5 11. Bg5 Qc7 12. dxc5 dxc5 13. Bxf6 Bxf6 14. Bd5 Rb8 15. a4 Ne7 16. axb5 axb5 17. Bb3 c4 18. Bc2 Rd8 19. Qe2 Bg7 20. Nbd2 h6 21. Nf1 Be6 22. Ne3 Nc8 23. Red1 Nb6 24. Rxd8+ Rxd8 25. Ra5 Qc6 26. Ng4 Bxg4 27. hxg4 Nd7 28. b3 cxb3 29. Bxb3 Nc5 30. Rxb5 Nxe4 31. Qc4 Qxc4 32. Bxc4 Nxc3 33. Rb7 Nd5 34. g5 h5 35. Nd2 Nf4 36. Bxf7+ Kh7 37. Ne4 Rd1+ 38. Kh2 Rd4 39. f3 Ra4 40. Rb8 Ra1 41. Bg8+ Kh8 42. Bc4+ Kh7 43. Rb7 Ra8 44. Rc7 Rf8 45. g3 Kh8 46. gxf4 exf4 47. Kh3 Be5 48. Rf7 Rxf7 49. Bxf7 Kg7 50. Be8 Bc7 51. Kg2 Bb8 52. Kf1 Ba7 53. Ke2 Be3 54. Kd3 Bb6 55. Kc4 Bd8 56. Kd5 h4 57. Bd7 h3 58. Bxh3 Be7 59. Bg4 Bd8 60. Ke6 Bb6 61. Ke5 Ba5 62. Kxf4 Bb4 63. Ke5 Ba5 64. Ke6 Bc7 65. f4 Bb8 66. f5 Ba7 67. f6+ Kf8 68. Be2 Be3 69. Bb5 Bc1 70. Nd6 Be3 71. Ne4 Bxg5 72. Nxg5 Kg8 73. f7+ Kg7 74. Ke7 Kh6 75. f8=Q+ Kxg5 76. Qf6+ Kg4 77. Qxg6+ Kf4 78. Be8 Ke5 79. Qg5+ Kd4 80. Kd6 1-0


[Site "https://www.chess.com"]

[Event "Titled Tuesday Blitz January 17 Late 2023"]
[White "Melikhov, Evgeny V."]
[Black "Munoz, Francisco Javier"]
[WhiteFideId "4122046"]
[BlackFideId "128368"]
[WhiteElo "2269"]
[BlackElo "2389"]
[Result "1/2-1/2"]
[Round "05"]
[TimeControl "180+2"]
[Date "2023.01.17"]
[WhiteClock "0:00:02"]
[BlackClock "0:00:14"]

1. d4 d5 2. c4 e6 3. Nc3 Nf6 4. cxd5 exd5 5. Bg5 c6 6. Qc2 Nbd7 7. e3 Be7 8. Bd3 h6 9. Bh4 Nh5 10. Bxe7 Qxe7 11. Nge2 Nb6 12. O-O-O Be6 13. Kb1 O-O-O 14. Nc1 Kb8 15. Nb3 Nf6 16. Nc5 Nfd7 17. N3a4 Nxa4 18. Nxa4 Rc8 19. Rc1 Rc7 20. Qc3 Rhc8 21. Qa5 c5 22. dxc5 Nxc5 23. Nxc5 Rxc5 24. Rxc5 Rxc5 25. Qd2 Qc7 26. Rc1 Rxc1+ 27. Qxc1 Qxh2 28. Qf1 Qe5 29. g3 d4 30. e4 f5 31. f4 Qa5 32. a3 fxe4 33. Bxe4 Bf5 34. Bxf5 Qxf5+ 35. Kc1 Qe4 36. Qf2 Kc7 37. Kd2 Kd6 38. Qg1 Kd5 39. Qf2 a6 40. a4 Kc4 41. Qf1+ Kb4 42. a5 Qe3+ 43. Kc2 Kxa5 44. Qc4 b5 45. Qc7+ Ka4 46. Kb1 Qe1+ 47. Ka2 Qe6+ 48. Kb1 Qe1+ 49. Ka2 d3 50. b3+ Kb4 51. Qd6+ Kc3 52. Qc5+ Kd2 53. Qb4+ Kd1 54. Qd4 Qd2+ 55. Ka3 Qc1+ 56. Kb4 Qd2+ 57. Ka3 Qc2 58. Qg1+ Kd2 59. Qf2+ Kc1 60. Qe1+ Qd1 61. Qc3+ Qc2 62. Qe1+ Qd1 63. Qc3+ Qc2 64. Qe1+ 1/2-1/2


[Site "https://www.chess.com"]

[Event "Titled Tuesday Blitz January 17 Late 2023"]
[White "Arenas, David"]
[Black "Hoffmann, Asa"]
[WhiteFideId "4403177"]
[BlackFideId "2001470"]
[WhiteElo "2426"]
[BlackElo "2185"]
[Result "1-0"]
[Round "05"]
[TimeControl "180+2"]
[Date "2023.01.17"]
[WhiteClock "0:01:07"]
[BlackClock "0:00:50"]

1. e4 d6 2. d4 Nf6 3. Nc3 c6 4. Nf3 Bg4 5. Be2 e6 6. O-O d5 7. e5 Nfd7 8. h3 Bh5 9. Nb1 c5 10. c3 Nc6 11. Be3 Qb6 12. Qd2 Be7 13. a3 c4 14. Qc1 Na5 15. Nbd2 O-O 16. Re1 Bg6 17. Bd1 Qc6 18. Bc2 b5 19. Bxg6 hxg6 20. Qc2 Nb7 21. Bg5 Rfe8 22. Bxe7 Rxe7 23. Nf1 a5 24. Ne3 Qb6 25. Ng5 Nf8 26. f4 Nd8 27. g4 Nc6 28. Kh1 Rb8 29. f5 b4 30. axb4 axb4 31. f6 gxf6 32. exf6 Reb7 33. Qf2 bxc3 34. bxc3 Qb2 35. Qh4 Qxc3 36. Qh6 1-0


[Site "https://www.chess.com"]

[Event "Titled Tuesday Blitz January 17 Late 2023"]
[White "Vasques, Antonio Pedro Freixial"]
[Black "Ansh M Shah"]
[WhiteFideId "1908332"]
[BlackFideId "25033379"]
[WhiteElo "2214"]
[BlackElo "2171"]
[Result "1-0"]
[Round "05"]
[TimeControl "180+2"]
[Date "2023.01.17"]
[WhiteClock "0:00:23"]
[BlackClock "0:01:14"]

1. Nf3 Nf6 2. g3 g6 3. Bg2 Bg7 4. O-O O-O 5. c4 c5 6. d4 cxd4 7. Nxd4 Nc6 8. Nc3 a6 9. Nxc6 bxc6 10. Qd2 Bb7 11. b3 d5 12. Rb1 e6 13. Rd1 Qe7 14. Na4 Nd7 15. e4 d4 16. Nb2 c5 17. Nd3 a5 18. Ba3 Rfc8 19. f4 Nf6 20. Qe2 Nd7 21. e5 Bxg2 22. Qxg2 Bf8 23. Qe4 a4 24. b4 cxb4 25. Bxb4 Qd8 26. Bxf8 Nxf8 27. c5 Nd7 28. Qxd4 Nxc5 29. Qxd8+ Rxd8 30. Nxc5 Rxd1+ 31. Rxd1 Rc8 32. Nxa4 Rc2 33. a3 Ra2 34. Rd3 h5 35. h4 Kg7 36. Nc5 Kf8 37. a4 Kg7 38. Rd4 f6 39. Nxe6+ Kf7 40. Nd8+ Ke7 41. Nc6+ Kf7 42. exf6 Kxf6 43. a5 Kf5 44. Nb4 Kg4 45. Nd3 Kxg3 46. Ne1 Rxa5 47. Rd6 Kxh4 48. Rxg6 Rf5 49. Kh2 Rg5 50. fxg5 Kg4 51. Ng2 h4 52. Nxh4 Kh5 53. Rg8 Kg4 54. g6 Kh5 55. g7 Kh6 56. Ra8 Kxg7 57. Ra6 Kh7 58. Ng2 Kg7 59. Kg3 Kh7 60. Kg4 Kg7 61. Kf5 Kf7 62. Ra7+ Ke8 63. Ke6 Kd8 64. Rh7 Kc8 65. Kd6 Kb8 66. Kc6 Kc8 67. Rh8# 1-0


[Site "https://www.chess.com"]

[Event "Titled Tuesday Blitz January 17 Late 2023"]
[White "Abdyzhaparov, Aidar"]
[Black "Kovanova, Baira"]
[WhiteFideId "13800361"]
[BlackFideId "4164083"]
[WhiteElo "1978"]
[BlackElo "2304"]
[Result "0-1"]
[Round "05"]
[TimeControl "180+2"]
[Date "2023.01.17"]
[WhiteClock "0:00:01"]
[BlackClock "0:00:22"]

1. Nf3 d5 2. c4 e6 3. g3 Nf6 4. Bg2 Be7 5. d4 O-O 6. Qc2 dxc4 7. Nbd2 a6 8. Nxc4 Nc6 9. O-O Nxd4 10. Nxd4 Qxd4 11. Be3 Qg4 12. Ne5 Qf5 13. Qxf5 exf5 14. Rac1 Bd6 15. Nc4 Be7 16. Na5 c6 17. Rfd1 Ne4 18. Nxb7 Rb8 19. Na5 Rxb2 20. Nxc6 Bf6 21. Bd4 Be6 22. Bxb2 Bxb2 23. Rc2 Bf6 24. Nd4 Bxd4 25. Rxd4 Rb8 26. Bxe4 fxe4 27. Rb2 Rc8 28. Rd1 g6 29. Kg2 Rc5 30. f3 exf3+ 31. exf3 Ra5 32. Rdd2 Bd5 33. Kf2 Bc6 34. h4 Ra3 35. Rb3 Ra5 36. Rc3 Bd5 37. a3 Kg7 38. Ke3 h5 39. Kd4 Be6 40. Ke3 Re5+ 41. Kf2 a5 42. Rd4 Rb5 43. Rd2 Re5 44. a4 Rf5 45. Rcd3 Rc5 46. Rd4 Rc3 47. R2d3 Rc2+ 48. Ke3 Bc4 49. Ra3 Kf6 50. Rd6+ Ke5 51. Rd2 Rc1 52. Kf2 Be6 53. Re3+ Kf6 54. Rd6 Rc4 55. Ra6 Rxa4 56. Rc3 Ra2+ 57. Ke3 a4 58. Kd4 Rd2+ 59. Kc5 Rg2 60. f4 Ra2 61. Kb4 Kf5 62. Rxa4 Rb2+ 63. Ka3 Rg2 64. Ra5+ Kf6 65. Rg5 Bf5 66. Kb4 Rb2+ 67. Kc5 Rd2 68. Kb6 Rb2+ 69. Kc7 Rd2 70. Rc6+ Kg7 71. Rd6 Rc2+ 72. Kd8 f6 73. Rxf5 gxf5 74. Ke7 Re2+ 75. Re6 Ra2 76. Rd6 Ra3 0-1


[Site "https://www.chess.com"]

[Event "Titled Tuesday Blitz January 17 Late 2023"]
[White "Liu, Kelsey"]
[Black "Pasti, Aron"]
[WhiteFideId "30944481"]
[BlackFideId "785857"]
[WhiteElo "2065"]
[BlackElo "2361"]
[Result "0-1"]
[Round "05"]
[TimeControl "180+2"]
[Date "2023.01.17"]
[WhiteClock "0:00:03"]
[BlackClock "0:00:34"]

1. e4 c5 2. Nf3 e6 3. d4 cxd4 4. Nxd4 Nc6 5. Nc3 Qc7 6. Be3 a6 7. Qf3 Nf6 8. O-O-O h5 9. h3 Ne5 10. Qg3 h4 11. Qh2 b5 12. Bf4 d6 13. Bxe5 dxe5 14. Nf3 b4 15. Nb1 Nxe4 16. g4 Bc5 17. Nxe5 Nxf2 18. Bg2 Be3+ 19. Nd2 Rb8 20. Bc6+ Kf8 21. Rhf1 Kg8 22. Kb1 Nxd1 23. Rxf7 Qd8 24. Ne4 Nc3+ 25. bxc3 bxc3+ 26. Ka1 Qd1# 0-1


[Site "https://www.chess.com"]

[Event "Titled Tuesday Blitz January 17 Late 2023"]
[White "Vaglio Munoz, Jaime"]
[Black "Sukandar, Irine Kharisma"]
[WhiteFideId "6500145"]
[BlackFideId "7101937"]
[WhiteElo "2174"]
[BlackElo "2390"]
[Result "1-0"]
[Round "05"]
[TimeControl "180+2"]
[Date "2023.01.17"]
[WhiteClock "0:00:16"]
[BlackClock "0:00:01"]

1. d4 Nf6 2. c4 c5 3. d5 b5 4. a4 bxc4 5. Nc3 g6 6. e4 Qa5 7. Bd2 d6 8. Bxc4 Qb4 9. b3 Bh6 10. Nge2 Bxd2+ 11. Qxd2 Ba6 12. Bxa6 Nxa6 13. Qd3 Nc7 14. O-O O-O 15. Rfb1 Rab8 16. h3 Qa5 17. g4 Rb4 18. g5 Nd7 19. f4 Rfb8 20. Nc1 Rd4 21. Qe3 Rdb4 22. Ra2 c4 23. Rab2 Qc5 24. Kf2 Qxe3+ 25. Kxe3 Nc5 26. N3a2 R4b7 27. b4 Nxa4 28. Rc2 Nb5 29. Rxc4 Na3 30. Rc6 Nxb1 31. Nb3 Na3 32. f5 Nb6 33. Na5 Rd7 34. f6 exf6 35. gxf6 Rc8 36. Nc3 Rxc6 37. dxc6 Rd8 38. Nd5 Nxd5+ 39. exd5 Nb5 40. Kd3 g5 41. Kc4 Nc7 42. Nb7 Rb8 43. Nxd6 Kf8 44. Ne4 Ke8 45. Nxg5 Nxd5 46. Kxd5 Rb5+ 47. Kd6 Rxb4 48. c7 1-0


[Site "https://www.chess.com"]

[Event "Titled Tuesday Blitz January 17 Late 2023"]
[White "Slovineanu, Viacheslav"]
[Black "Strahov, Andrej"]
[WhiteFideId "13900510"]
[BlackFideId "4165489"]
[WhiteElo "2412"]
[BlackElo "2398"]
[Result "0-1"]
[Round "05"]
[TimeControl "180+2"]
[Date "2023.01.17"]
[WhiteClock "0:00:03"]
[BlackClock "0:00:39"]

1. d4 Nf6 2. Nf3 d5 3. c4 e6 4. e3 c6 5. Nbd2 Be7 6. Bd3 O-O 7. O-O dxc4 8. Nxc4 c5 9. dxc5 Bxc5 10. a3 b5 11. Nce5 a6 12. b4 Bd6 13. Bb2 Bb7 14. Rc1 Qe7 15. Qc2 h6 16. h3 Rd8 17. Rfd1 Nd5 18. Bh7+ Kh8 19. Be4 Nd7 20. Nc6 Bxc6 21. Qxc6 N7f6 22. Bxf6 Nxf6 23. Qxa8 Rxa8 24. Bxa8 g6 25. Nd4 Kg7 26. Bf3 e5 27. Nc6 Qe6 28. e4 h5 29. Rc3 g5 30. Na5 g4 31. hxg4 hxg4 32. Be2 Nxe4 33. Rc6 Qf5 34. Rf1 Be7 35. Bd3 Qf4 36. Bxe4 Qxe4 37. Rxa6 Bg5 38. Rc6 g3 39. fxg3 Be3+ 40. Kh2 Qg4 41. Rxf7+ Kxf7 42. Rc7+ Kg8 0-1


[Site "https://www.chess.com"]

[Event "Titled Tuesday Blitz January 17 Late 2023"]
[White "Jenkins, Drake"]
[Black "Leenhouts, Koen"]
[WhiteFideId "2022397"]
[BlackFideId "1008439"]
[WhiteElo "2130"]
[BlackElo "2447"]
[Result "0-1"]
[Round "05"]
[TimeControl "180+2"]
[Date "2023.01.17"]
[WhiteClock "0:00:01"]
[BlackClock "0:00:05"]

1. Nf3 Nf6 2. c4 c6 3. g3 d5 4. Bg2 e6 5. O-O Be7 6. d3 O-O 7. Nbd2 a5 8. b3 a4 9. bxa4 Qa5 10. Nb3 Qxa4 11. cxd5 exd5 12. Bb2 Bf5 13. h3 Nbd7 14. Qc1 Bg6 15. Nh4 Rfe8 16. Nxg6 hxg6 17. Bf3 Ba3 18. Kg2 Bxb2 19. Qxb2 Qa3 20. Qc2 Ne5 21. Rfb1 Nxf3 22. Kxf3 Qe7 23. Rb2 Rac8 24. Kg2 c5 25. a4 c4 26. Na5 c3 27. Rxb7 Qxe2 28. Rc1 Qe6 29. Nb3 Qc6 30. Rb5 d4+ 31. Kg1 Rcd8 32. Rb4 g5 33. Rxd4 Rxd4 34. Nxd4 Qd7 35. Kh2 Qxd4 36. Kg1 Nd5 37. a5 Qe5 0-1


[Site "https://www.chess.com"]

[Event "Titled Tuesday Blitz January 17 Late 2023"]
[White "Wang, Alexander J"]
[Black "Ladan, Nicholas"]
[WhiteFideId "30955270"]
[BlackFideId "30918855"]
[WhiteElo "1815"]
[BlackElo "2228"]
[Result "1-0"]
[Round "05"]
[TimeControl "180+2"]
[Date "2023.01.17"]
[WhiteClock "0:00:34"]
[BlackClock "0:00:06"]

1. e4 e5 2. Nf3 Nc6 3. Bb5 a6 4. Ba4 g6 5. O-O Bg7 6. c3 b5 7. Bc2 Nge7 8. a3 O-O 9. d4 d5 10. exd5 Nxd5 11. dxe5 Nxe5 12. Nxe5 Bxe5 13. Nd2 c6 14. Nf3 Bg7 15. h3 Be6 16. a4 h6 17. axb5 axb5 18. Rxa8 Qxa8 19. Re1 Rd8 20. Qe2 Qa2 21. Bxg6 fxg6 22. Qxe6+ Kh7 23. Ne5 Qb1 24. Nf7 Rf8 25. Bxh6 Bxh6 26. Rxb1 Bg7 27. Ng5+ Kh6 28. Nf3 Nf4 29. Qg4 Ne2+ 30. Kh1 Rf4 31. Qg5+ Kh7 32. Re1 Rf5 33. Qh4+ Rh5 34. Qe7 Nf4 35. Qf7 Rf5 36. Qa7 Nd5 37. Re7 Nxe7 38. Qxe7 Kh6 39. Nd4 Bxd4 40. cxd4 Rd5 41. Qf6 c5 42. dxc5 Rxc5 43. Qf8+ Kh5 44. Qf3+ Kh4 45. Qf4+ Kh5 46. g4+ Kh4 47. Qh6+ Rh5 48. gxh5 g5 49. Qd6 b4 50. Qg3+ Kxh5 51. Qg4+ Kh6 52. Qxb4 Kh5 53. Kg2 g4 54. hxg4+ Kh4 55. g5+ Kh5 56. g6 Kh6 57. g7 Kh7 58. g8=Q+ Kh6 59. Qh4# 1-0


[Site "https://www.chess.com"]